 Dungeon Crawl Stone Soup version 0.20-a0-1025-g4706f7e (webtiles) character file.

46 Gorglomux the Insei (level 3, -1/28 HPs)
             Began as a Demigod Transmuter on Apr 19, 2017.
             Killed from afar by Sigmund (6 damage)
             ... with a puff of flame
             ... on level 2 of the Dungeon.
             The game lasted 00:03:04 (1236 turns).

Gorglomux the Insei (Demigod Transmuter)            Turns: 1236, Time: 00:03:05

Health: -1/28      AC:  2    Str: 13    XL:     3   Next: 27%
Magic:  3/9        EV: 12    Int: 19    God:
Gold:   72         SH:  0    Dex: 16    Spells: 3/6 levels left

rFire    . . .     SeeInvis .     - Unarmed
rCold    . . .     Gourm    .   (no shield)
rNeg     . . .     Faith    .   b - +0 robe
rPois    .         Spirit   .   (no helmet)
rElec    .         Reflect  .   (no cloak)
rCorr    .         Harm     .   (no gloves)
MR       .....                  (no boots)
Stlth    +.........             (no amulet)
Regen    0.1/turn               (no ring)
MPRegen  0.2/turn               (no ring)

@: appendage (expiring), very slightly contaminated
A: horns 2, high mp 1
a: End Transformation


You were on level 2 of the Dungeon.
You were hungry.
You had grown temporary horns.
You visited 1 branch of the dungeon, and saw 2 of its levels.

You collected 72 gold pieces.

Inventory:

Missiles
 a - 53 arrows
Armour
 b - a +0 robe (worn)
Scrolls
 e - 2 scrolls of remove curse {unknown}
 i - a scroll of identify {unknown}
Potions
 g - a potion of resistance {unknown}
 h - a potion of curing {unknown}
Books
 c - a book of Changes
Comestibles
 d - a bread ration {@e1@e1}
 f - a chunk of flesh {@w0@w0}


   Skills:
 - Level 1.1 Fighting
 - Level 1.9 Dodging
 + Level 3.3 Unarmed Combat
 * Level 2.2 Spellcasting
 - Level 2.1 Transmutations


You had 3 spell levels left.
You knew the following spells:

 Your Spells              Type           Power        Failure   Level  Hunger
a - Beastly Appendage     Tmut           ##....       7%          1    #......
s - Sticks to Snakes      Tmut           ##......     10%         2    ##.....


Dungeon Overview and Level Annotations

Branches:
Dungeon (2/15)

Annotations:
D:2 Sigmund


Innate Abilities, Weirdness & Mutations

You have an increased reservoir of magic. (+10% MP)
You have a pair of horns on your head.


Message History

Unknown command.
MP restored: 8 Unknown command.
Unknown command.
e - 2 scrolls labeled TAT TAUXITHIGORY (gained 1)
An adder comes into view.
Your feet morph into talons.
You now have 7/8 mp.
Unknown command.
You barely miss the adder. Your kick misses the adder.
The adder closely misses you.
Unknown command.
You hit the adder but do no damage. The adder bites you.
You take 2 damage, and have 26/28 hp.
You hit the adder. Your kick misses the adder. The adder bites you.
You are poisoned.
The adder poisons you!
You take 2 damage, and have 24/28 hp.
You hit the adder. Your kick misses the adder.
You feel sick. The adder closely misses you.
You take 1 damage, and have 23/28 hp.
Unknown command.
You hit the adder. The adder barely misses you. The adder misses you.
You closely miss the adder.
You feel sick. The adder bites you.
You take 4 damage, and have 19/28 hp.
You miss the adder. You claw the adder.
You kill the adder!
Your transformation is almost over.
You see here an adder corpse.
You butcher the adder corpse.
You feel sick.
f - 2 chunks of flesh {@w0@w0} (gained 1)
You see here an adder skeleton.
You take 1 damage, and have 19/28 hp.
You start resting.
You feel sick. x2
Your talons disappear.
You take 2 damage, and have 17/28 hp.
MP restored: 9 You start resting.
You feel sick. x2
You are no longer poisoned.
You take 1 damage, and have 16/28 hp.
You start resting.
Some of the chunks of flesh in your inventory have rotted away.
Health restored: 28 You now have 61 gold pieces (gained 9).
i - a scroll labeled GUPTEKKUKHY You now have 72 gold pieces (gained 11).
Sigmund the Dreaded comes into view.
He is wielding a scythe.
Sigmund is nearby!
You grow a pair of large bovine horns.
Sigmund shouts!
Sigmund moves out of view.
You now have 8/9 mp.
Unknown command.
You create a snake!
You now have 54 arrows.
You now have 6/9 mp.
Casting: Sticks to Snakes You miscast Sticks to Snakes.
You are very lightly contaminated with residual magic.
Your skin glows momentarily.
You now have 4/9 mp.
Casting: Sticks to Snakes You create a snake!
You now have 53 arrows.
You are feeling hungry.
You now have 2/9 mp.
Unknown command.
You barely miss Sigmund. Sigmund closely misses you.
You hit Sigmund. You headbutt Sigmund. Sigmund hits you with a scythe!
You take 10 damage, and have 18/28 hp.
MASSIVE DAMAGE!!
You swap places.
Your adder bites Sigmund.
Sigmund is poisoned.
Your adder poisons Sigmund!
Sigmund casts a spell at you. The puff of flame hits your adder.
Your adder barely misses Sigmund.
Unknown command.
Sigmund misses you.
Your adder bites Sigmund.
Your transformation is almost over.
Sigmund misses something.
Your ball python bites Sigmund but does no damage.
Your ball python barely misses Sigmund.
Your ball python bites Sigmund but does no damage.
Your ball python misses Sigmund.
Sigmund gestures at you while chanting. The puff of flame hits you!
Ouch! That really hurt!
* * * LOW HITPOINT WARNING * * *
Your ball python barely misses Sigmund.
Your ball python grabs Sigmund.
Your ball python constricts Sigmund.
You take 14 damage, and have 4/28 hp.
MASSIVE DAMAGE!!
You hit Sigmund but do no damage.
Sigmund casts a spell.
Sigmund flickers and vanishes!
Deactivating autopickup; reactivate with Ctrl-A.
Your ball python releases its grip on something.
You hear some strange, mumbled words.
A puff of flame appears from out of thin air!
The puff of flame hits you!
You die...

.# ##. ... #.# #.#
##.## # ##...##
#####.###.#.#.#####
.......@.SS........
##.######{#.#..#### #.#
##...#.# #.# ##.##.#
#.########....########
#.<.....##รท#.........#
#.
#.#####.##.#.#######.#
#...#.###........#
#.........#......#


You could see a friendly adder and a friendly ball python.

Vanquished Creatures
  An adder (D:2)
  An ooze (D:1)
  2 dart slugs (D:1)
  A leopard gecko (D:1)
  3 goblins (D:1)
  2 hobgoblins (D:1)
  4 kobolds (D:1)
  8 bats (D:1)
  6 frilled lizards (D:1)
  A rat (D:1)
29 creatures vanquished.

Notes
Turn   | Place    | Note
-------+----------+-------------------------------------------
     0 | D:1      | Gorglomux the Demigod Transmuter began the quest for the Orb.
     0 | D:1      | Reached XP level 1. HP: 15/15 MP: 5/5
     9 | D:1      | Reached skill level 1 in Fighting
    87 | D:1      | Reached skill level 2 in Transmutations
   121 | D:1      | Reached skill level 2 in Spellcasting
   121 | D:1      | Reached XP level 2. HP: 18/23 MP: 5/7
   287 | D:1      | Learned a level 2 spell: Sticks to Snakes
   516 | D:1      | Reached skill level 3 in Unarmed Combat
   874 | D:1      | Reached XP level 3. HP: 20/28 MP: 4/8
  1222 | D:2      | Noticed Sigmund
  1234 | D:2      | HP: 4/28 [Sigmund/puff of flame (14)]
  1236 | D:2      | Killed from afar by Sigmund

Vault maps used:
D:1:      minmay_arrival_semitransparent, minmay_lizard_king
D:2:      nicolae_ru_great_annihilating_truth, uniq_sigmund, uniq_robin

Skill      XL: |  1  2 |
---------------+-------+-----
Fighting       | 1 |  1.1
Transmutations | 2 |  2.1
Spellcasting   | 2 |  2.2
Unarmed Combat | 3 |  3.3
Dodging        | |  1.9

Action                   || total
-------------------------++-------
Melee: Unarmed           ||    95
       Headbutt          ||    13
       Kick              ||     9
       Punch             ||     2
 Cast: Beastly Appendage ||    22
       Sticks to Snakes  ||     2
  Eat: Chunk             ||     1
Armor: Robe              ||    39
Dodge: Dodged            ||    80

Vault maps used:
D:1:      minmay_arrival_semitransparent, minmay_lizard_king
D:2:      nicolae_ru_great_annihilating_truth, uniq_sigmund, uniq_robin

Table legend:
 A = Turns spent in this place as a percentage of turns spent in the entire game.
 B = Non-inter-level travel turns spent in this place as a percentage of non-inter-level travel turns spent in the entire game.
 C = Inter-level travel turns spent in this place as a percentage of turns spent in this place.
 D = Turns resting spent in this place as a percentage of non-inter-level travel turns spent in this place.
 E = Turns spent auto-exploring this place as a percentage of non-inter-level travel turns spent in this place.
 F = Non-inter-level travel turns spent in this place divided by the number of levels of this place that you've seen.
                   A       B       C       D       E      F
               +-------+-------+-------+-------+-------+----------------------
         Total | 100.0 | 100.0 |   0.2 |   1.2 |   8.2 | 244.0
       Dungeon | 100.0 | 100.0 |   0.2 |   1.2 |   8.2 | 244.0
               +-------+-------+-------+-------+-------+----------------------

Table legend:
 A = Kills in this place as a percentage of kills in entire the game.
 B = Kills by you in this place as a percentage of kills by you in the entire game.
 C = Kills by friends in this place as a percentage of kills by friends in the entire game.
 D = Other kills in this place as a percentage of other kills in the entire game.
 E = Experience gained in this place as a percentage of experience gained in the entire game.
 F = Experience gained in this place divided by the number of levels of this place that you have seen.
                   A       B       C       D       E      F
               +-------+-------+-------+-------+-------+----------------------
         Total | 100.0 | 100.0 |  -nan |  -nan | 100.0 |  33.5
       Dungeon | 100.0 | 100.0 |  -nan |  -nan | 100.0 |  33.5
               +-------+-------+-------+-------+-------+----------------------
